 Dungeon Crawl Stone Soup version 0.24-a0-194-g9bee6eb (webtiles) character file.

Game seed: 14994582982685295165

3816 Ijustatesigmund the Covert (level 10, -3/70 HPs)
             Began as an Octopode Wizard on Mar 18, 2019.
             Was a Believer of Ashenzari.
             Slain by a killer bee (13 damage)
             ... on level 9 of the Dungeon.
             The game lasted 00:22:52 (10668 turns).

Ijustatesigmund the Covert (Octopode Wizard)       Turns: 10668, Time: 00:22:54

Health: -3/70      AC: 12    Str:  7    XL:     10   Next: 17%
Magic:  13/17      EV: 17    Int: 20    God:    Ashenzari [**....]
Gold:   163        SH:  0    Dex: 16    Spells: 10/19 levels left

rFire    . . .     SeeInvis .   h - +6 dagger (protect) (curse)
rCold    . . .     Gourm    .   (no shield)
rNeg     . . .     Faith    .   a - +2 hat (curse)
rPois    +         Spirit   .   (no amulet)
rElec    .         Reflect  .   j - ring of poison resistance
rCorr    .         Harm     .   (no ring)
MR       .....                  (no ring)
Stlth    ++++++....             (no ring)
HPRegen  0.21/turn              (no ring)
MPRegen  0.15/turn              (no ring)
                                (no ring)
                                (no ring)

@: lethally poisoned (-3 -> -5), about to teleport, protection aura
A: almost no armour, stealthy swim, amphibious, 8 rings, constrict 8, thin
metallic scales 1, camouflage 1, agile 1, robust 1, gelatinous body 1,
MP-powered wands
a: Curse Item, Scrying, Renounce Religion


You were on level 9 of the Dungeon.
You worshipped Ashenzari.
Ashenzari was pleased with you.
You were not hungry.

You visited 2 branches of the dungeon, and saw 10 of its levels.

You collected 448 gold pieces.
You spent 285 gold pieces at shops.

Inventory:

Hand Weapons
 b - a +0 whip
 e - a +2 great sword of freezing
 h - a cursed +6 dagger of protection (weapon)
 o - a +3 mace
 p - a +1 rapier of venom
Missiles
 g - 7 javelins (quivered)
Armour
 a - a cursed +2 hat (worn)
Jewellery
 j - a ring of poison resistance (left tentacle)
Wands
 i - a wand of iceblast (10)
Scrolls
 d - 2 scrolls of identify
 f - a scroll of magic mapping
 l - 2 scrolls of teleportation
 m - a scroll of blinking
 q - a scroll of silence {unknown}
 r - 2 scrolls of amnesia
Potions
 k - 2 potions of flight
 n - a potion of curing
 s - 2 potions of heal wounds
 t - a potion of might
 u - a potion of haste
 v - a potion of agility
Comestibles
 c - 7 rations
 w - a chunk of flesh


   Skills:
 - Level 4.2 Fighting
 - Level 5.3(7.6) Short Blades
 - Level 4.0(6.2) Dodging
 - Level 10.0(12.1) Stealth
 - Level 1.0 Unarmed Combat
 + Level 5.1 Spellcasting
 + Level 5.9 Conjurations
   Level 1.0 Summonings
 - Level 3.4 Translocations
 - Level 3.0 Fire Magic
 - Level 2.3 Air Magic
 - Level 2.8 Poison Magic


You had 10 spell levels left.
You knew the following spells:

 Your Spells              Type           Power        Failure   Level  Hunger
a - Magic Dart            Conj           ####         1%          1    None
b - Blink                 Tloc           N/A          4%          2    None
c - Conjure Flame         Conj/Fire      ###.....     5%          3    ##.....
d - Mephitic Cloud        Conj/Pois/Air  ###.....     8%          3    ##.....

Your spell library contained the following spells:

 Spells                   Type           Power        Failure   Level  Hunger
 Stone Arrow              Conj/Erth      ###...       10%         3    ##.....
 Sandblast                Erth           #.....       12%         1    None
 Call Imp                 Summ           #.......     12%         2    None
 Passwall                 Tmut/Erth      #.......     17%         2    None
 Slow                     Hex            #.......     17%         2    None
 Petrify                  Tmut/Erth      #.......     75%         4    ####...
 Lee's Rapid Deconstruct  Erth           #.........   97%         5    #####..


Dungeon Overview and Level Annotations

Branches:
Dungeon (9/15)             Temple (1/1) D:4
   Lair: D:8-11         Orc: D:9-12

Altars:
Ashenzari
Cheibriados
Dithmenos
Elyvilon
Fedhas
Gozag
Hepliaklqana
Kikubaaqudgha
Makhleb
Nemelex Xobeh
Okawaru
Qazlal
Ru
Sif Muna
Trog
Uskayaw
Vehumet
Wu Jian
Xom
Yredelemnul
Zin
The Shining One

Shops:
D:9 !


Innate Abilities, Weirdness & Mutations

You cannot wear most types of armour.
You are very stealthy in the water. (Stealth+)
You are amphibious.
You can wear up to eight rings at the same time.
You can use your tentacles to constrict eight enemies at once.
Your skin changes colour to match your surroundings (Stealth+).
Your rubbery body absorbs attacks. (AC +1, EV +1)
You are partially covered in thin metallic scales. (AC +2)
You are agile. (Dex +2)
You are robust. (+10% HP)
You expend magic power (3 MP) to strengthen your wands.


Message History

You hear an angry buzzing noise.
The killer bee rages.
A killer bee comes into view.
The killer bee rages.
As you read the scroll of teleportation, it crumbles to dust.
You feel strangely unstable. The killer bee misses you.
The killer bee barely misses you. The killer bee stings you.
The killer bee closely misses you. The killer bee misses you.
The killer bee completely misses you. The killer bee stings you!
* * * LOW HITPOINT WARNING * * *
You are poisoned.
The killer bee poisons you!
The killer bee stings you but does no damage.
Casting: Blink (safe; 4% risk of failure)
Confirm with . or Enter, or press ? or * to list all spells.
You blink.
You feel sick.
The killer bee stings you but does no damage.
The killer bee barely misses you. The killer bee misses you. x2
The killer bee stings you!
You die...

* , ##..###....#......#
..#..
.......))..#......#
....
...........#......# ,
....
...........#......#
##..+#########).# ,
*,#.......#.####..#####
#.....+...'......... ,,
, #...yy#...#.........
, *,
#.§.y@##..##+###.... *
, *
*##.#.yy.#).#....#####
.#..+..y.#..'....# ,
*#.[....y.+..#....#
#......†.†##+#....#
.......####....##### ,
,..#.....* #....#
..#..... #....# , ,
#....#


You could see a queen bee and 6 killer bees.

Vanquished Creatures
  A troll (D:8)
  A hippogriff (D:8)
  Prince Ribbit (D:5)
  3 yaks (D:8)
  A hungry ghost (D:7)
  Menkaure (D:4)
  An orc warrior (D:7)
  2 black bears (D:8)
  A sky beast (D:8)
  An ogre (D:6)
  2 centaurs
  4 bullfrogs
  2 scorpions
  10 killer bees (D:9)
  5 wights (D:5)
  A crimson imp (D:5)
  A centaur zombie (D:5)
  A jelly (D:5)
  3 hounds
  3 orc priests
  7 orc wizards
  A bullfrog skeleton (D:6)
  2 centaur skeletons
  Ijyb (D:5)
  2 iguanas
  5 worker ants
  A hound skeleton (D:5)
  4 gnolls (D:8)
  6 adders
  3 oozes
  A worm (D:4)
  5 dart slugs
  6 leopard geckos
  13 orcs
  A ball python (D:3)
  3 giant cockroaches
  9 hobgoblins
  4 jackals
  8 quokkas
  A ball python zombie (D:5)
  3 bats
  3 frilled lizards
  9 goblins
  5 kobolds
  11 rats
159 creatures vanquished.

Notes
Turn   | Place    | Note
-------+----------+-------------------------------------------
     0 | D:1      | Ijustatesigmund the Octopode Wizard began the quest for the
                  | Orb.
     0 | D:1      | Reached XP level 1. HP: 11/11 MP: 4/4
    50 | D:1      | Reached skill level 1 in Fighting
    74 | D:1      | You fall through a shaft!
   317 | D:1      | Reached XP level 2. HP: 18/18 MP: 4/6
   321 | D:1      | Learned a level 2 spell: Blink
  1201 | D:1      | Reached XP level 3. HP: 24/24 MP: 7/7
  1468 | D:2      | Learned a level 3 spell: Conjure Flame
  1965 | D:2      | Found a stormy altar of Qazlal.
  2275 | D:3      | Reached skill level 1 in Fire Magic
  2275 | D:3      | Reached XP level 4. HP: 27/29 MP: 8/8
  2634 | D:3      | Found a white marble altar of Elyvilon.
  2761 | D:4      | Learned a level 3 spell: Mephitic Cloud
  2828 | D:4      | Gained mutation: You are agile. (Dex +2) [potion of
                  | mutation]
  2828 | D:4      | Gained mutation: You are partially covered in thin metallic
                  | scales. (AC +2) [potion of mutation]
  2828 | D:4      | Gained mutation: You expend magic power (3 MP) to
                  | strengthen your wands. [potion of mutation]
  2828 | D:4      | Gained mutation: You are robust. (+10% HP) [potion of
                  | mutation]
  2882 | D:4      | Found an ancient bone altar of Kikubaaqudgha.
  2889 | D:4      | Found a snail-covered altar of Cheibriados.
  2890 | D:4      | Found a hazy altar of Hepliaklqana.
  2891 | D:4      | Found a shimmering altar of Xom.
  2891 | D:4      | Found a radiant altar of Vehumet.
  2921 | D:4      | Found a staircase to the Ecumenical Temple.
  2925 | D:4      | Noticed Menkaure
  2929 | Temple   | Entered the Ecumenical Temple
  2941 | Temple   | Became a worshipper of Ashenzari the Shackled
  3364 | D:4      | Killed Menkaure
  3364 | D:4      | Reached skill level 1 in Air Magic
  3364 | D:4      | Reached skill level 1 in Poison Magic
  3364 | D:4      | Reached XP level 5. HP: 31/37 MP: 1/9
  3364 | D:4      | Reached XP level 6. HP: 36/42 MP: 1/10
  3856 | D:5      | Entered Level 5 of the Dungeon
  4285 | D:5      | Reached XP level 7. HP: 33/48 MP: 9/11
  4715 | D:5      | Reached skill level 1 in Short Blades
  4996 | D:5      | Reached skill level 1 in Unarmed Combat
  5227 | D:5      | Noticed Prince Ribbit
  5228 | D:5      | Noticed Ijyb
  5360 | D:5      | Paralysed by Ijyb for 7 turns
  5375 | D:5      | Paralysed by Ijyb for 5 turns
  5385 | D:5      | Paralysed by Ijyb for 4 turns
  5398 | D:5      | Killed Ijyb
  5743 | D:5      | Killed Prince Ribbit
  5743 | D:5      | Reached XP level 8. HP: 37/57 MP: 12/12
  7222 | D:6      | Reached skill level 5 in Short Blades
  7515 | D:7      | Reached * piety under Ashenzari
  7669 | D:7      | Reached skill level 4 in Stealth
  7669 | D:7      | Reached XP level 9. HP: 63/63 MP: 1/13
  7770 | D:7      | Reached skill level 5 in Stealth
  7798 | D:7      | Found an ornate altar of the Wu Jian Council.
  7832 | D:7      | Reached skill level 6 in Stealth
  8230 | D:7      | Reached skill level 7 in Stealth
  8817 | D:8      | Reached skill level 8 in Stealth
  8915 | D:8      | Reached skill level 9 in Stealth
  8926 | D:8      | Reached skill level 10 in Stealth
  9416 | D:8      | Noticed a troll
  9426 | D:8      | Killed a troll
  9674 | D:8      | Reached skill level 5 in Conjurations
  9677 | D:8      | Reached XP level 10. HP: 65/70 MP: 16/16
 10249 | D:9      | Found Vaaf's Distillery.
 10255 | D:9      | Bought a potion of haste for 150 gold pieces
 10255 | D:9      | Bought a potion of agility for 60 gold pieces
 10255 | D:9      | Bought a potion of heal wounds for 75 gold pieces
 10616 | D:9      | Reached ** piety under Ashenzari
 10637 | D:9      | Reached skill level 5 in Spellcasting
 10668 | D:9      | Slain by a killer bee

Levels and vault maps discovered:
D:1:      evilmike_arrival_grusome_pit, layout_loops_ring
D:2:      minmay_wonky_spiral, layout_basic, nicolae_overflow_crystal_walls
D:3:      kennysheep_six_static_rooms, layout_basic, lemuel_doored_altar,
          first_ration
D:4:      layout_loops_ring, minitemple, minmay_temple_entry_gardened_gates,
          uniq_menkaure
D:5:      layout_basic, kennysheep_generic_room_4, uniq_ijyb,
          uniq_prince_ribbit1
D:6:      layout_rooms, minmay_stone_trees_medium
D:7:      layout_loops_ring, nicolae_overflow_hidden_temple,
          chequers_serial_rivers_micro_a
D:8:      layout_basic, serial_glass, glass_columns_a, glass_columns_a
D:9:      layout_gridville, david_orc_2, serial_shops, shop,
          nicolae_shop_behind_doors, nicolae_shop_crystal, shop,
          kennysheep_little_box, david_nohive_1
Temple:   eino_temple_water

Skill      XL: |  1  2  3  4  5  6  7  8  9 10 |
---------------+-------------------------------+-----
Fighting       | 1 3 4 |  4.2
Conjurations   | 2 3 5 |  5.9
Fire Magic     | 1 2 3 |  3.0
Translocations | 2 3 |  3.4
Air Magic      | 1 2 |  2.3
Poison Magic   | 1 2 |  2.8
Short Blades   | 3 5 |  5.3
Unarmed Combat | 1 |  1.0
Dodging        | 4 |  4.0
Stealth        | 4 10 | 10.0
Spellcasting   | 4 5 |  5.1
Summonings     | |  1.0

Action                   |  1- 3 |  4- 6 |  7- 9 | 10-12 || total
-------------------------+-------+-------+-------+-------++-------
Melee: Whip              |     9 |       |       |       ||     9
       Dagger            |    60 |   137 |   295 |    58 ||   550
       Constrict         |    15 |    24 |    48 |    11 ||    98
       Tentacles         |     6 |    16 |    50 |     6 ||    78
       Punch             |       |       |     4 |       ||     4
Throw: Javelin           |     2 |     3 |     5 |       ||    10
 Cast: Magic Dart        |    35 |    10 |    74 |     7 ||   126
       Conjure Flame     |       |     1 |     5 |       ||     6
       Blink             |       |       |     2 |     2 ||     4
       Mephitic Cloud    |       |       |     2 |       ||     2
Invok: Curse Item        |       |     1 |       |     1 ||     2
  Use: Scroll            |     5 |     7 |     9 |     1 ||    22
       Potion            |       |     3 |     4 |       ||     7
 Stab: Sleeping          |     6 |     5 |    14 |     2 ||    27
       Confused          |       |       |     1 |       ||     1
  Eat: Chunk             |     4 |     3 |     7 |     4 ||    18
       Ration            |       |     1 |     4 |       ||     5
Armor: Skin              |    11 |    55 |    87 |    33 ||   186
Dodge: Dodged            |    34 |    88 |   169 |    83 ||   374

Table legend:
 A = Non-vault XP
 B = Vault XP
 C = Vault XP percentage of total XP
 D = Non-vault monster count
 E = Vault monster count
 F = Vault count percentage of total count
                 A         B        C        D         E       F
            +---------+---------+-------+---------+---------+-------
      Total |    4584 |     868 |  15.9 |     139 |      20 |  12.6
            +---------+---------+-------+---------+---------+-------
        D:1 |      38 |       0 |   0.0 |      17 |       0 |   0.0
        D:2 |      30 |      10 |  25.0 |      16 |       5 |  23.8
        D:3 |      63 |      11 |  14.9 |      18 |       6 |  25.0
        D:4 |     135 |     172 |  56.0 |       7 |       1 |  12.5
        D:5 |     902 |     304 |  25.2 |      27 |       2 |   6.9
        D:6 |     576 |       0 |   0.0 |      15 |       0 |   0.0
        D:7 |     743 |       0 |   0.0 |       9 |       0 |   0.0
        D:8 |    1809 |       0 |   0.0 |      22 |       0 |   0.0
        D:9 |     288 |     371 |  56.3 |       8 |       6 |  42.9
            +---------+---------+-------+---------+---------+-------
